Map: Ephemeron LE

Players

Clem

  • Race: Terran Terran
  • Spawn Location: 5:00

Hurricane - Winner!

  • Race: Protoss Protoss
  • Spawn Location: 11:00

Event: IEM Katowice 2020

VOD

Have the link to the VOD?

Description

Time

  • Played on: Feb. 25, 2020, 5:11 a.m.
  • Length: 8:48

All games in this series

Show
View Real Time Build Order
Export as new Build Order

Clem Terran 

Build Orders: Reaper Expand 

Get SALT Encoding   

  12  0:00  SCV  
  13  0:12  SCV  
  14  0:17  Supply Depot  
  14  0:24  SCV  
  15  0:38  SCV  
  15  0:39  Barracks  
  16  0:43  Refinery  
  16  0:50  SCV  
  17  1:02  SCV  
  18  1:14  SCV  
  19  1:26  Orbital Command, Reaper  
  20  1:41  Command Center  
  20  1:49  Supply Depot  
  20  1:54  SCV  
  20  1:58  Marine  
  22  2:06  SCV  
  23  2:09  Factory  
  23  2:17  Refinery  
  23  2:18  SCV  
  23  2:21  Barracks Reactor  
  24  2:30  SCV  
  25  2:42  SCV  
  26  2:49  Bunker  
  25  2:53  Orbital Command  
  25  2:56  Starport, Widow Mine  
  25  2:57  SCV  
  28  3:01  Marine  
  28  3:03  Marine  
  30  3:09  SCV  
  31  3:18  Factory Tech Lab  
  31  3:19  SCV, Marine  
  33  3:21  Marine  
  33  3:23  Supply Depot  
  34  3:29  SCV  
  34  3:31  SCV  
  34  3:33  Viking  
  38  3:38  Siege Tank  
  38  3:41  Marine  
  42  3:42  Marine  
  42  3:44  SCV  
  42  3:46  SCV  
  45  3:51  Supply Depot  
  45  3:56  SCV  
  45  3:59  Marine  
  45  4:00  Marine  
  48  4:03  SCV  
  52  4:13  SCV  
  52  4:14  Barracks  
  52  4:16  Supply Depot, Barracks, Starport Tech Lab  
  50  4:21  SCV, Siege Tank  
  50  4:23  Marine x2  
  56  4:27  SCV  
  56  4:31  Engineering Bay  
  57  4:34  Refinery  
  57  4:37  SCV  
  58  4:39  SCV  
  58  4:41  Starport Reactor  
  58  4:44  Marine x2  
  61  4:48  Supply Depot  
  61  4:49  SCV  
  62  4:58  Supply Depot, Terran Infantry Weapons Level 1  
  61  5:01  Factory Reactor  
  61  5:06  Marine x2  
  63  5:07  SCV  
  63  5:12  SCV  
  63  5:14  Combat Shield, Supply Depot, Stimpack  
  65  5:17  Marauder  
  65  5:19  Marauder  
  69  5:24  SCV  
  69  5:25  SCV, Refinery  
  69  5:27  Marine  
  72  5:29  Marine  
  73  5:36  SCV  
  73  5:37  Supply Depot  
  73  5:39  Marauder  
  73  5:41  Marauder  
  78  5:45  Medivac  
  78  5:48  Medivac  
  78  5:49  Supply Depot  
  82  5:50  Marine x2  
  84  5:58  SCV x2  
  84  6:00  Widow Mine x2, Marauder  
  84  6:02  Marauder  
  94  6:10  SCV  
  94  6:11  Marine x2, SCV  
  89  6:22  Marauder  
  87  6:27  Widow Mine x2  
  87  6:29  Marauder  
  87  6:31  SCV, Marine x2  
  91  6:38  Command Center  
  84  6:41  Medivac x2  
  84  6:43  SCV  
  84  6:46  Orbital Command  
  76  6:54  Marine x2  
  73  6:55  SCV  
  73  7:07  SCV  
  74  7:12  SCV  
  74  7:13  Marine x2  
  77  7:19  SCV  
  78  7:24  SCV  
  78  7:25  Marauder x2  
  79  7:32  Widow Mine x2  
  79  7:33  Orbital Command  
  79  7:35  Marine x2  
  75  7:39  SCV  
  68  7:46  Marine  
  68  7:51  SCV  
  62  8:00  SCV  
  62  8:05  Marine  
  59  8:07  Marine  
  57  8:18  Marauder  
  57  8:21  Marauder  
  57  8:25  SCV x2  
Show
View Real Time Build Order
Export as new Build Order

Hurricane Protoss - Winner!

Build Orders: 1 Gate Expand, Oracle Opening, Blink Stalkers 

Get SALT Encoding   

  12  0:00  Probe  
  13  0:12  Probe  
  14  0:17  Pylon  
  14  0:24  Probe (Chrono Boost)  
  15  0:36  Probe (Chrono Boost), Gateway  
  16  0:44  Probe (Chrono Boost)  
  16  0:45  Assimilator  
  17  0:51  Probe  
  18  1:03  Probe  
  19  1:15  Probe  
  20  1:23  Nexus  
  20  1:32  Cybernetics Core  
  20  1:35  Probe  
  21  1:41  Assimilator  
  21  1:47  Probe  
  21  1:51  Pylon  
  22  1:59  Probe  
  23  2:06  Adept (Chrono Boost)  
  23  2:09  Warp Gate  
  23  2:11  Probe  
  26  2:19  Gateway  
  26  2:23  Probe  
  26  2:29  Sentry  
  29  2:35  Probe x2 (Chrono Boost)  
  31  2:46  Probe (Chrono Boost)  
  31  2:47  Probe (Chrono Boost)  
  31  2:51  Probe (Chrono Boost)  
  33  2:52  Probe (Chrono Boost), Twilight Council  
  33  2:53  Oracle  
  35  3:00  Stalker  
  35  3:02  Probe  
  38  3:05  Probe  
  38  3:12  Stalker  
  41  3:14  Probe  
  41  3:17  Pylon  
  41  3:19  Probe  
  43  3:23  Blink (Chrono Boost)  
  43  3:26  Probe  
  44  3:31  Probe  
  45  3:36  Stalker  
  45  3:38  Probe  
  48  3:43  Probe  
  49  3:50  Probe  
  49  3:54  Pylon  
  50  3:56  Probe  
  50  4:01  Nexus  
  51  4:04  Assimilator  
  51  4:07  Probe  
  52  4:10  Probe  
  52  4:14  Robotics Facility  
  52  4:16  Pylon  
  53  4:20  Probe  
  53  4:22  Probe  
  55  4:24  Stalker  
  55  4:26  Stalker  
  59  4:33  Probe  
  59  4:34  Probe  
  59  4:38  Phoenix  
  61  4:39  Gateway  
  61  4:42  Gateway  
  61  4:46  Gateway  
  61  4:49  Gateway  
  61  4:54  Gateway  
  61  4:58  Gateway  
  61  5:05  Sentry x2  
  61  5:06  Warp Prism (Chrono Boost)  
  65  5:07  Charge (Chrono Boost)  
  67  5:17  Probe x3  
  70  5:22  Pylon  
  70  5:29  Probe x3  
  70  5:31  Pylon  
  70  5:34  Stalker x2  
  77  5:37  Observer  
  77  5:38  Zealot  
  77  5:39  Sentry  
  77  5:42  Probe  
  83  5:44  Pylon  
  84  5:54  Probe  
  84  5:57  Sentry, Zealot x3, Stalker  
  86  6:01  Observer  
  86  6:03  Zealot x2  
  99  6:05  Stalker  
  101  6:16  Probe x2  
  101  6:18  Pylon  
  101  6:26  Zealot x4  
  101  6:31  Zealot x2  
  107  6:40  Pylon  
  107  6:42  Forge  
  107  6:44  Forge  
  103  6:47  Sentry, Zealot x2  
  103  6:48  Zealot x3  
  107  7:00  Observer  
  107  7:02  Immortal (Chrono Boost)  
  107  7:04  Assimilator x2  
  107  7:05  Templar Archives  
  111  7:10  Zealot x2  
  111  7:11  Zealot x2  
  111  7:14  Zealot  
  113  7:31  Zealot  
  113  7:32  Zealot x5  
  107  7:37  Zealot x2  
  84  7:51  Immortal (Chrono Boost)  
  84  7:54  Stalker x6  
  85  8:03  Observer  
  85  8:04  Zealot, Stalker  
  85  8:31  Zealot x5  

Tags
 
Add a new tag
Caveats
  • Supply blocks, unpowered buildings, or Contaminate may cause inaccurate times.
  • Supply counts are checked every 10 seconds.